Map: Frost LE

Players

ZesTea

  • Race: Zerg Zerg
  • League: Master

Miszu - Winner!

  • Race: Zerg Zerg
  • League: Master

VOD

Have the link to the VOD?

Description

Time

  • Played on: June 27, 2016, 11:48 a.m.
  • Length: 6:16
Show
View Real Time Build Order
Export as new Build Order

ZesTea Zerg 

Build Orders: Hatch First, Zergling Baneling 

Get SALT Encoding   

  12  0:01  Drone  
  13  0:09  Drone  
  14  0:20  Extractor x2  
  14  0:21  Drone  
  13  0:22  Drone  
  16  0:44  Hatchery  
  16  0:49  Overlord  
  15  1:05  Spawning Pool  
  15  1:07  Drone  
  15  1:11  Drone  
  15  1:15  Drone  
  17  1:22  Drone  
  18  1:29  Extractor  
  17  1:42  Drone x2  
  19  1:52  Queen  
  21  1:57  Queen  
  21  1:58  Zergling x2, Drone  
  25  2:05  Overlord  
  25  2:07  Drone  
  26  2:13  Drone  
  27  2:19  Drone  
  28  2:23  Baneling Nest  
  28  2:28  Drone x2  
  29  2:37  Zergling x2  
  29  2:39  Zergling x2  
  31  2:46  Zergling x2, Queen  
  31  2:50  Overlord  
  34  3:00  Metabolic Boost  
  34  3:08  Baneling  
  34  3:16  Hatchery  
  34  3:17  Drone x2  
  35  3:20  Drone  
  35  3:21  Drone  
  37  3:28  Drone  
  37  3:29  Drone x2  
  37  3:34  Overlord  
  40  3:49  Overlord  
  40  3:50  Zergling x8  
  40  3:53  Zergling x4  
  40  3:54  Zergling x2  
  47  3:56  Zergling x2  
  48  4:03  Zergling x4  
  49  4:18  Baneling x3  
  49  4:19  Baneling x2  
  45  4:31  Zergling x12  
  40  4:32  Queen  
  43  4:42  Zergling x12  
  43  4:44  Queen  
  48  4:51  Baneling x2  
  46  4:57  Zergling x6  
  48  5:00  Zergling x2  
  48  5:01  Queen  
  48  5:05  Baneling x2  
  48  5:06  Baneling x2  
  46  5:33  Zergling x12  
  46  5:34  Zergling x2  
  46  5:35  Zergling x4  
  46  5:44  Zergling x2  
  46  5:56  Zergling x6  
  40  6:00  Baneling x3  
  40  6:01  Baneling  
Show
View Real Time Build Order
Export as new Build Order

Miszu Zerg - Winner!

Build Orders: Hatch First, Zergling Baneling 

Get SALT Encoding   

  12  0:08  Drone x2  
  14  0:19  Overlord  
  14  0:29  Extractor  
  14  0:30  Drone  
  15  0:40  Drone  
  15  0:41  Drone  
  17  0:55  Hatchery  
  16  0:59  Drone  
  17  1:04  Drone  
  17  1:09  Extractor  
  17  1:19  Spawning Pool  
  17  1:22  Drone  
  17  1:29  Drone  
  18  1:39  Overlord  
  18  2:07  Queen x2  
  22  2:09  Drone  
  22  2:10  Zergling x6  
  26  2:18  Drone  
  26  2:20  Metabolic Boost  
  27  2:28  Drone  
  28  2:31  Drone x2  
  30  2:39  Drone  
  30  2:41  Drone  
  32  2:54  Drone x2  
  32  2:55  Baneling Nest  
  33  3:01  Drone  
  34  3:18  Hatchery  
  34  3:19  Zergling x6  
  36  3:21  Overlord  
  36  3:40  Zergling x12  
  42  3:46  Baneling x5  
  42  3:54  Zergling x4  
  44  3:55  Overlord x2  
  42  4:17  Zergling x12  
  44  4:31  Zergling x14  
  47  4:32  Baneling  
  47  4:33  Baneling x2  
  47  4:38  Zergling x2  
  49  4:42  Zergling x4  
  47  4:51  Queen  
  48  4:53  Baneling x2  
  48  4:54  Baneling x5  
  47  5:01  Zergling x2  
  47  5:02  Zergling x6  
  49  5:23  Zergling x20  
  58  5:32  Baneling x4  
  56  5:38  Zergling x10  
  50  5:57  Zergling x6  
  50  5:58  Baneling x2  
  50  5:59  Baneling  
Tags
 
Add a new tag
Caveats
  • Supply blocks, unpowered buildings, or Contaminate may cause inaccurate times.
  • Supply counts are checked every 10 seconds.